 Dungeon Crawl Stone Soup version 0.25-a0-589-g1e14c549ee (webtiles) character file.

Game seed: 16115835258201374050, levelgen mode: deterministic

6454 Eurus the Slinger (level 10, -3/46 HPs)
             Began as a Spriggan Hunter on Mar 12, 2020.
             Was an Initiate of Gozag.
             Killed by divine providence
             ... invoked by a meliai
              (12 damage)
             ... on level 9 of the Dungeon.
             The game lasted 00:45:38 (11987 turns).

Eurus the Slinger (Spriggan Hunter)                Turns: 11987, Time: 00:45:38

Health: -3/46      AC:  4    Str:  8    XL:     10   Next: 67%
Magic:  0/13       EV: 27    Int: 14    God:    Gozag
Gold:   1202       SH:  0    Dex: 19    Spells: 9/9 levels left

rFire    . . .     SeeInvis +   q - +2 hunting sling (freeze)
rCold    . . .     Gourm    .   (shield restricted)
rNeg     . . .     Faith    .   c - +1 robe
rPois    .         Spirit   +   (helmet restricted)
rElec    .         Reflect  .   t - +0 cloak
rCorr    .         Harm     .   (gloves unavailable)
MR       +....                  (boots unavailable)
Stlth    ++++......             h - amulet of guardian spirit
HPRegen  0.15/turn              w - ring of stealth
MPRegen  0.13/turn              (no ring)

@: about to teleport, very quick
A: very small, unfitting armour, see invisible, herbivore, speed 3, slow
metabolism 2
a: Potion Petition, Call Merchant, Bribe Branch, Renounce Religion


You were on level 9 of the Dungeon.
You worshipped Gozag.
Gozag was most pleased with you.
You were not hungry.

You visited 1 branch of the dungeon, and saw 10 of its levels.
You also visited: Sewer.

You collected 1845 gold pieces.
You paid 643 gold pieces to Gozag.

Inventory:

Hand Weapons
 n - a +0 dagger of draining
 q - a +2 hunting sling of freezing (weapon)
Missiles
 m - 50 sling bullets (quivered)
Armour
 c - a +1 robe (worn)
 t - a +0 cloak (worn)
 u - a scarf of repulsion
Jewellery
 h - an amulet of guardian spirit (around neck)
 w - a ring of stealth (left hand)
 A - an uncursed ring of poison resistance {unknown}
Wands
 p - a wand of enslavement (12)
 r - a wand of flame (31)
 s - a wand of iceblast (7)
 z - a wand of random effects (24)
Scrolls
 e - 3 scrolls of fog
 g - 4 scrolls of teleportation
 i - 5 scrolls of identify
 k - 3 scrolls of enchant weapon
 l - 3 scrolls of amnesia
 o - 2 scrolls of enchant armour
 v - 3 scrolls of immolation {unknown}
 x - a scroll of magic mapping
 y - a scroll of remove curse
 B - a scroll of fear {unknown}
 C - a scroll of holy word {unknown}
Potions
 a - a potion of lignification
 b - a potion of berserk rage
 d - 2 potions of stabbing
 j - 8 potions of curing
 D - a potion of flight {unknown}
Comestibles
 f - 17 rations


   Skills:
 - Level 2.0 Fighting
 - Level 10.0 Short Blades
 + Level 13.3 Slings
 - Level 10.1 Dodging
 - Level 5.0 Stealth
 + Level 2.7 Evocations


You had 9 spell levels left.
You didn't know any spells.
Your spell library contained the following spells:

 Spells                   Type           Power        Failure   Level  Hunger
 Confusing Touch          Hex            #.......     65%         3    ####...
 Gell's Gravitas          Tloc           #.........   65%         3    ####...
 Petrify                  Tmut/Erth      #.......     96%         4    #####..
 Metabolic Englaciation   Hex/Ice        #.........   100%        5    ######.
 Yara's Violent Unravell  Hex/Tmut       #.........   100%        5    ######.


Dungeon Overview and Level Annotations

Branches:
Dungeon (10/15)            Temple (0/1) D:6            Lair (0/6) D:10
    Orc (0/2) D:10          Sewer (visited)

Altars:
Gozag
Kikubaaqudgha
Uskayaw
Wu Jian

Shops:
D:5 [   D:8 ?

Annotations:
D:5 3 runed translucent doors, Oki's ghost, novice TrMo
D:8 1 exclusion


Innate Abilities, Weirdness & Mutations

You are very small and have problems with some larger weapons.
You are too small for most types of armour.
You have supernaturally acute eyesight. (SInv)
You are a herbivore.
You cover ground extremely quickly.
You need to consume almost no food.


Message History

There is a stone staircase leading down here.
The meliai mumbles some strange prayers to its god against you.
Something smites you!
The meliai invokes the aid of its god against you.
Something smites you!
The meliai calls down the wrath of its god upon you.
Something smites you!
There is a stone staircase leading up here.
The meliai hits you with a +0 hand axe!
* * * LOW HITPOINT WARNING * * *
The meliai barely misses you. The meliai closely misses you.
The meliai completely misses you.
You climb upwards.
There is a stone staircase leading down here.
As you read the scroll of teleportation, it crumbles to dust.
You feel strangely unstable.
The meliai invokes the aid of its god against you.
Something smites you!
You die...
Your body crumbles into a pile of gold.

###.##.....(####.#....(##...#####
###.................##..#...##...
##...........##...(..<[..........
...##..............[..[[.........
................[....###...######
............###..#####......#....
.......##...##...# ##<)..........
######.###.....y####..)..........
#....#........@.##(......(.....
##.####.....#.##.[..............
##..# #.....#######.............
...## #.........###.............
.### #.....###.................
## #.....# ######............ #
#.....# ##.....##.... # #######
############ #


You could see a meliai.

Vanquished Creatures
  A two-headed ogre (D:8)
  Grinder (D:5)
  Prince Ribbit (D:5)
  A spriggan (D:8)
  4 yaks (D:9)
  Grum (D:8)
  3 porcupines
  2 water moccasins (D:8)
  A sky beast (D:10)
  A black bear (D:8)
  3 ice beasts
  3 ogres
  3 phantoms
  A centaur (D:9)
  4 wolves (D:7)
  3 crocodiles
  2 big kobolds
  5 bullfrogs
  A gnoll sergeant (D:7)
  2 scorpions
  8 wights
  2 howler monkeys
  An electric eel (D:8)
  3 crimson imps
  A centaur zombie (D:6)
  3 hounds
  A bullfrog skeleton (D:6)
  5 orc priests
  3 jellies
  9 orc wizards
  Jessica (D:2)
  3 iguanas
  7 worker ants
  A hound zombie (D:5)
  Robin (D:1)
  13 adders
  4 gnolls (D:7)
  2 river rats (D:4)
  A shadow imp (D:8)
  4 oozes
  2 adder skeletons
  A worm (D:2)
  2 leopard geckos
  22 orcs
  9 giant cockroaches
  10 goblins
  7 hobgoblins
  10 jackals
  21 kobolds
  4 quokkas
  3 ball pythons
  5 bats
  8 frilled lizards
  A leopard gecko skeleton (D:5)
  10 rats
  A plant (Sewer)
232 creatures vanquished.

Vanquished Creatures (others)
  A bush (D:10)
  4 plants
5 creatures vanquished.

Grand Total: 237 creatures vanquished

Notes
Turn   | Place    | Note
-------+----------+-------------------------------------------
     0 | D:1      | Eurus the Spriggan Hunter began the quest for the Orb.
     0 | D:1      | Reached XP level 1. HP: 10/10 MP: 2/2
    69 | D:1      | Reached skill level 5 in Slings
   204 | D:1      | Reached XP level 2. HP: 15/15 MP: 3/3
   553 | D:2      | Noticed Robin
   594 | D:1      | Killed Robin
   594 | D:1      | Reached XP level 3. HP: 2/18 MP: 4/4
   700 | D:2      | Reached skill level 1 in Short Blades
   756 | D:2      | Noticed Jessica
  1042 | D:2      | Killed Jessica
  1306 | D:2      | Reached XP level 4. HP: 8/23 MP: 5/5
  2093 | D:2      | Reached XP level 5. HP: 26/26 MP: 6/6
  2102 | D:2      | Reached skill level 5 in Dodging
  2277 | D:3      | Found an ancient bone altar of Kikubaaqudgha.
  2297 | D:3      | Found a hide-covered altar of Uskayaw.
  2401 | D:3      | Found an ornate altar of the Wu Jian Council.
  2625 | D:3      | Found an opulent altar of Gozag.
  2630 | D:3      | Became a worshipper of Gozag Ym Sagoz the Greedy
  2874 | D:3      | Reached skill level 6 in Slings
  3206 | D:4      | Found a glowing drain.
  3237 | Sewer    | Entered a sewer
  4705 | D:4      | Reached XP level 6. HP: 20/30 MP: 7/7
  5939 | D:4      | Reached skill level 7 in Slings
  6143 | D:4      | Reached XP level 7. HP: 35/35 MP: 8/8
  6204 | D:5      | Entered Level 5 of the Dungeon
  6501 | D:5      | Reached skill level 5 in Short Blades
  6671 | D:5      | Reached skill level 8 in Slings
  6673 | D:5      | Noticed Prince Ribbit
  6694 | D:5      | Killed Prince Ribbit
  6694 | D:5      | Reached XP level 8. HP: 39/39 MP: 9/9
  6751 | D:5      | Found Ceuj's Antique Armour Emporium.
  6850 | D:5      | Noticed Grinder
  6881 | D:5      | Killed Grinder
  6881 | D:5      | Reached skill level 9 in Slings
  6910 | D:5      | Found a runed translucent gate.
  6910 | D:5      | Found a runed translucent gate.
  6910 | D:5      | Found a runed translucent gate.
  6920 | D:5      | Found an opulent altar of Gozag.
  6924 | D:5      | Noticed Oki's ghost (novice TrMo)
  7201 | D:6      | Found a staircase to the Ecumenical Temple.
  8007 | D:6      | Reached skill level 10 in Slings
  8194 | D:7      | Reached skill level 5 in Stealth
  8198 | D:7      | Reached XP level 9. HP: 42/42 MP: 10/10
  9212 | D:8      | Noticed Grum
  9569 | D:8      | Reached skill level 11 in Slings
 10003 | D:8      | Killed Grum
 10613 | D:8      | Reached XP level 10. HP: 37/46 MP: 11/11
 10660 | D:9      | Noticed a two-headed ogre
 10725 | D:8      | Killed a two-headed ogre
 10725 | D:8      | Reached skill level 10 in Dodging
 10891 | D:9      | Reached skill level 10 in Short Blades
 11055 | D:9      | Reached skill level 12 in Slings
 11238 | D:10     | Entered Level 10 of the Dungeon
 11305 | D:10     | Found a staircase to the Orcish Mines.
 11691 | D:9      | Reached skill level 13 in Slings
 11723 | D:9      | Reached skill level 1 in Evocations
 11801 | D:10     | Found a staircase to the Lair.
 11987 | D:9      | Killed from afar by a meliai

Levels and vault maps discovered:
D:1:      dpeg_arrival_ternary, layout_basic, minmay_pentomino_x4
D:2:      layout_loops_corners, first_ration, serial_bayou_pond_c, uniq_jessica,
          uniq_robin
D:3:      layout_basic, overflow_temple_1_default, overflow_temple_1_default,
          marbit_many_paths, overflow_temple_1_default
D:4:      layout_gridville, portal_sewer_entry_e
D:5:      layout_rooms, ebering_ghost_gozag, serial_shops, kennysheep_mini_moat,
          uniq_grinder, uniq_prince_ribbit1
D:6:      layout_basic, temple_pool_b
D:7:      layout_basic
D:8:      layout_cave_pools, grunt_pizzeria, minmay_tree_intersection,
          water_maze_lemuel, uniq_grum
D:9:      layout_rooms
D:10:     layout_irregular_city, minmay_lair_entry_grove, orc_0_dummy,
          minmay_misc_feat_room, uniq_maurice

Skill      XL: |  1  2  3  4  5  6  7  8  9 10 |
---------------+-------------------------------+-----
Slings         | 5 6 7 8 10 11 13 | 13.3
Fighting       | 2 |  2.0
Short Blades   | 1 2 3 4 6 7 9 10 | 10.0
Dodging        | 4 5 6 9 10 | 10.1
Stealth        | 5 |  5.0
Evocations     | 2 |  2.7

Action                   |  1- 3 |  4- 6 |  7- 9 | 10-12 || total
-------------------------+-------+-------+-------+-------++-------
Melee: Short sword       |    61 |   425 |       |       ||   486
       Dagger            |       |    93 |   233 |       ||   326
 Fire: Hunting sling     |    52 |   132 |   430 |   179 ||   793
Invok: Potion Petition   |       |       |     1 |       ||     1
       Call Merchant     |       |       |     1 |       ||     1
  Use: Scroll            |       |     8 |     4 |     1 ||    13
       Potion            |       |    10 |     1 |       ||    11
 Stab: Sleeping          |     4 |     1 |     5 |       ||    10
       Distracted        |       |     1 |       |       ||     1
  Eat: Ration            |       |     2 |     1 |     1 ||     4
Armor: Robe              |     8 |    24 |    15 |     2 ||    49
Dodge: Dodged            |    51 |   300 |   195 |    27 ||   573
       Deflected         |       |       |     1 |       ||     1

Table legend:
 A = Non-vault XP
 B = Vault XP
 C = Vault XP percentage of total XP
 D = Non-vault monster count
 E = Vault monster count
 F = Vault count percentage of total count
                 A         B        C        D         E       F
            +---------+---------+-------+---------+---------+-------
      Total |    5956 |    3265 |  35.4 |     169 |      62 |  26.8
            +---------+---------+-------+---------+---------+-------
        D:1 |      19 |      18 |  48.6 |       9 |       3 |  25.0
        D:2 |      98 |      59 |  37.6 |      24 |      12 |  33.3
        D:3 |      59 |       3 |   4.8 |       7 |       1 |  12.5
        D:4 |     549 |      45 |   7.6 |      28 |       8 |  22.2
        D:5 |     503 |     549 |  52.2 |      17 |       2 |  10.5
        D:6 |     840 |       0 |   0.0 |      22 |       0 |   0.0
        D:7 |     772 |     482 |  38.4 |      19 |       4 |  17.4
        D:8 |    1949 |     423 |  17.8 |      17 |       2 |  10.5
        D:9 |     740 |    1318 |  64.0 |      20 |       8 |  28.6
       D:10 |     427 |     317 |  42.6 |       6 |       3 |  33.3
      Sewer |       0 |      51 | 100.0 |       0 |      19 | 100.0
            +---------+---------+-------+---------+---------+-------
